 Dungeon Crawl Stone Soup version 0.31-a0-640-g39d97e502b (webtiles) character file.

Game seed: 5957522376181576353

4341 GordonOverkill the Grappler (level 10, 0/73 HPs)
             Began as a Vine Stalker Delver on Aug 28, 2023.
             Was an Elder of Trog.
             Succumbed to Grum's poison
             ... on level 9 of the Dungeon.
             The game lasted 00:12:52 (7344 turns).

GordonOverkill the Grappler (Vine Stalker Delver)   Turns: 7344, Time: 00:12:53

Health: 0/73       AC: 11    Str: 25    XL:     10   Next: 33%
Magic:  3/11       EV:  8    Int: 10    God:    Trog [****..]
Gold:   399        SH:  0    Dex: 16    Spells: 9/9 levels left

rFire   . .          .
                       - Unarmed
rCold   . . .        (no shield)
rNeg    . . .        o - +0 plate armour
rPois   .            m - melded +0 helmet
rElec   .            (cloak currently unavailable)
rCorr   .            (gloves currently unavailable)
SInv    .            (boots currently unavailable)
Will    ++...        (no amulet) Stlth
                     t - +6 ring of strength
HPRegen 1.12/turn    y - ring of willpower
MPRegen 0.12/turn

%: guardian spirit
@: berserking, lethally poisoned (0 -> -26), beast-form, very quick
A: beast (slay +3), fangs 3, regeneration 1, magic shield, antimagic bite, no
potion heal 2
a: Begin Untransformation, Renounce Religion, Berserk, Trog's Hand, Brothers in
Arms


You were on level 9 of the Dungeon.
You worshipped Trog.
Trog was greatly pleased with you.
You were a hulking beast.
You visited 1 branch of the dungeon, and saw 9 of its levels.
You also visited: Sewer.

You collected 399 gold pieces.

Inventory:

Armour
 m - a +0 helmet (melded)
 o - a +0 plate armour (worn)
 v - a +0 pair of boots
 z - a +0 cloak
Jewellery
 p - a ring of poison resistance
 t - a +6 ring of strength (left hand)
 y - a ring of willpower (right hand)
Talismans
 n - a beast talisman (active)
 u - a storm talisman
Wands
 f - a wand of digging (3)
 x - a wand of light (12)
Scrolls
 a - 4 scrolls of enchant armour
 b - a scroll of fog
 g - 3 scrolls of enchant weapon
 h - a scroll of teleportation {unknown}
 j - 2 scrolls of poison
 l - 3 scrolls of immolation
 q - a scroll of vulnerability
Potions
 c - a potion of berserk rage
 d - a potion of invisibility
 e - 4 potions of curing
 i - a potion of magic
 k - 2 potions of haste
 r - 2 potions of attraction
 s - a potion of enlightenment


   Skills:
 - Level 4.0 Fighting
 - Level 3.0 Armour
 - Level 3.0 Dodging
 - Level 7.0 Stealth
 + Level 10.6 Unarmed Combat
 - Level 3.0 Evocations
 + Level 6.7 Shapeshifting


You had 9 spell levels left.
You didn't know any spells.
Your spell library contained the following spells:

 Spells                   Type           Power      Damage    Failure   Level
 Lesser Beckoning         Tloc           0%         N/A       100%        2
 Gell's Gravitas          Tloc           0%         N/A       100%        3
 Teleport Other           Tloc           0%         N/A       100%        3


Dungeon Overview and Level Annotations

Branches:
Dungeon (9/15)             Temple (0/1) D:6           Sewer (visited)
   Lair: D:8-11         Orc: D:9-12

Altars:
Ashenzari
Cheibriados
Dithmenos
Elyvilon
Ru
Trog
Wu Jian
Yredelemnul

Shops:
D:7 (

Annotations:
D:3 Terence
D:9 Grum


Innate Abilities, Weirdness & Mutations

You are a hulking beast.
Your limbs bulge with bestial killing power. (Slay +3)
You have razor-sharp teeth.
Your natural rate of healing is unusually fast.
When hurt, damage is shared between your health and your magic reserves.
Your bite disrupts and absorbs the magic of your enemies.
Potions cannot restore your health.


Message History

* * * LOW HITPOINT WARNING * * *
Grum shouts, "Release the hounds!"
Grum closely misses you.
You miss the wolf.
The wolf is almost dead.
You feel sick. The wolf bites you.
* * * LOW HITPOINT WARNING * * *
The wolf bites you.
* * * LOW HITPOINT WARNING * * *
You punch the wolf!
You kill the wolf!
Trog accepts your kill.
You feel sick. The wolf bites you.
* * * LOW HITPOINT WARNING * * *
Grum hits you from afar with a -1 glaive of venom!
* * * LOW HITPOINT WARNING * * *
You barely miss the wolf. You bite the wolf. You drain its power.
You feel invigorated.
The wolf is moderately wounded.
The wolf bites you but does no damage.
You completely miss the wolf. Your bite misses the wolf.
The wolf is moderately wounded.
You feel sick. The wolf bites you.
* * * LOW HITPOINT WARNING * * *
Grum hits you from afar with a -1 glaive of venom.
* * * LOW HITPOINT WARNING * * *
You are more poisoned.
You punch the wolf! Your bite misses the wolf.
The wolf is severely wounded.
You feel very sick. The wolf bites you.
* * * LOW HITPOINT WARNING * * *
You pummel the wolf!!
You kill the wolf!
Trog accepts your kill.
You feel sick.
Grum hits you from afar with a -1 glaive of venom!
* * * LOW HITPOINT WARNING * * *
You are more poisoned.
You die...

..############
.............
............
.........
.......
#....########
#............
#..<.........
#...h.†......
#...)))......
####††..#####
...g.....
.............
...............
...............
...............
...............


You could see Grum.

Vanquished Creatures
  A wyvern (D:7)
  A steam dragon (D:6)
  Edmund (D:4)
  3 water moccasins
  An orc warrior (D:7)
  A sky beast (D:6)
  4 black bears
  4 wolves (D:9)
  3 ogres
  5 centaurs (D:6)
  2 kobold brigands
  A phantom (D:6)
  3 bullfrogs
  A gnoll sergeant (D:7)
  9 wights (D:8)
  A jelly (D:4)
  A gnoll bouda (D:6)
  5 orc priests
  6 hounds
  Jessica (D:3)
  7 iguanas
  Natasha (thrice) (D:3)
  6 orc wizards
  11 gnolls
  7 adders
  3 shadow imps
  A white imp (D:6)
  An ufetubus (D:5)
  4 worms
  A dart slug (D:4)
  34 orcs
  7 ball pythons
  4 endoplasms
  2 giant cockroaches
  2 goblins
  3 hobgoblins (D:4)
  3 jackals (D:3)
  13 quokkas
  7 bats
  6 frilled lizards
  10 kobolds
  9 rats
198 creatures vanquished.

Notes
Turn   | Place    | Note
-------+----------+-------------------------------------------
     0 | D:5      | GordonOverkill the Vine Stalker Delver began the quest for
                  | the Orb.
     0 | D:5      | Reached XP level 1. HP: 11/11 MP: 2/2
   117 | D:5      | Found a glowing drain.
   129 | D:5      | Reached XP level 2. HP: 16/16 MP: 1/3
   183 | Sewer    | Entered a sewer
   245 | Sewer    | Noticed a kobold brigand
   416 | D:3      | Reached XP level 3. HP: 4/20 MP: 0/4
   514 | D:4      | Noticed a water moccasin
   526 | D:3      | Noticed Terence
   844 | D:2      | Found a faded altar of an unknown god.
   859 | D:2      | Prayed at the altar of an unknown god.
   859 | D:2      | Became a worshipper of Trog the Wrathful
   859 | D:2      | Reached * piety under Trog
   881 | D:2      | Gained mutation: Your natural rate of healing is unusually
                  | fast. [Vine Stalker growth]
   881 | D:2      | Reached XP level 4. HP: 24/24 MP: 5/5
  2501 | D:3      | Reached ** piety under Trog
  2565 | D:3      | Identified the +6 war axe of Mastery {antimagic, Dex+3}
  2578 | D:3      | Reached skill level 3 in Unarmed Combat
  2646 | D:3      | Reached XP level 5. HP: 28/28 MP: 6/6
  2653 | D:3      | Noticed Natasha
  2662 | D:3      | Killed Natasha
  2695 | D:3      | Noticed Natasha
  2705 | D:3      | Killed Natasha
  2727 | D:3      | Reached skill level 1 in Armour
  2727 | D:3      | Reached skill level 1 in Shapeshifting
  2727 | D:3      | Reached XP level 6. HP: 32/32 MP: 7/7
  2782 | D:3      | Noticed Natasha
  2788 | D:3      | Killed Natasha
  2811 | D:3      | Found a shadowy altar of Dithmenos.
  2990 | D:3      | Noticed Jessica
  2994 | D:3      | Killed Jessica
  3172 | D:4      | Noticed Edmund
  3185 | D:4      | Killed Edmund
  3238 | D:4      | Reached XP level 7. HP: 37/37 MP: 8/8
  3389 | D:4      | Reached skill level 4 in Unarmed Combat
  3824 | D:5      | Gained mutation: You have razor-sharp teeth. [Vine Stalker
                  | growth]
  3824 | D:5      | Reached XP level 8. HP: 42/42 MP: 7/9
  3825 | D:5      | Reached skill level 5 in Unarmed Combat
  4082 | D:5      | Reached *** piety under Trog
  4625 | D:6      | Found a snail-covered altar of Cheibriados.
  4638 | D:6      | Reached skill level 6 in Unarmed Combat
  4646 | D:6      | Found an ornate altar of the Wu Jian Council.
  4741 | D:6      | Found a staircase to the Ecumenical Temple.
  4840 | D:6      | Reached skill level 5 in Shapeshifting
  4935 | D:6      | Found a broken altar of Ashenzari.
  4936 | D:6      | Found a white marble altar of Elyvilon.
  4938 | D:6      | Found a basalt altar of Yredelemnul.
  4939 | D:6      | Found a sacrificial altar of Ru.
  5232 | D:6      | Reached skill level 7 in Unarmed Combat
  5232 | D:6      | Reached XP level 9. HP: 45/45 MP: 10/10
  5390 | D:6      | Reached skill level 8 in Unarmed Combat
  5430 | D:6      | Reached skill level 9 in Unarmed Combat
  5465 | D:6      | Identified the +8 falchion "Vaogigoh" {protect, SInv
                  | Stlth+}
  5667 | D:6      | Reached skill level 1 in Evocations
  5875 | D:7      | Found Liruhan's Weapon Emporium.
  5918 | D:7      | Reached skill level 10 in Unarmed Combat
  5918 | D:7      | Reached XP level 10. HP: 27/49 MP: 5/11
  5920 | D:7      | Reached **** piety under Trog
  7327 | D:9      | Noticed Grum
  7344 | D:9      | Succumbed to Grum's poison

Illustrated notes

Levels and vault maps discovered:
D:1:      lightli_arrival_statue_moat, layout_basic, minmay_gold_behind_fungi,
          minivault_11
D:2:      layout_basic, dreamdust_ecumenical_altar_statues
D:3:      layout_loops_ring, nicolae_overflow_crystal_walls, grunt_ministairs_2,
          minmay_quadrilaterals, uniq_terence, uniq_natasha, uniq_jessica
D:4:      layout_cave_pools, uniq_edmund
D:5:      layout_basic, gup_sewer_entry_pipe
D:6:      layout_basic, grunt_temple_overflow_open,
          minmay_temple_entry_nine_rooms, grunt_decor_mini_mirrors,
          abandoned_shop, dk_vineyard_1, minmay_pentangle
D:7:      layout_rooms, serial_shops, nicolae_shop_rolling_square
D:8:      layout_gridville
D:9:      layout_grid_maze, nicolae_gozag_cash_rules_everything_around_me,
          enter_bailey_5, uniq_grum

Skill      XL: |  1  2  3  4  5  6  7  8  9 10 |
---------------+-------------------------------+-----
Fighting       | 3 4 |  4.0
Dodging        | 2 3 |  3.0
Unarmed Combat | 3 4 7 10 | 10.6
Armour         | 1 3 |  3.0
Stealth        | 7 |  7.0
Shapeshifting  | 1 3 5 6 |  6.7
Evocations     | 2 3 |  3.0

Action                     |  1- 3 |  4- 6 |  7- 9 | 10-12 || total
---------------------------+-------+-------+-------+-------++-------
  Melee: Unarmed           |    85 |   196 |   250 |    62 ||   593
         Bite              |    23 |    53 |    70 |    21 ||   167
         Punch             |       |       |    13 |     2 ||    15
 Invoke: Berserk           |       |     4 |    12 |     4 ||    20
         Trog's Hand       |       |       |     1 |       ||     1
    Use: Scroll            |     1 |     5 |     6 |     4 ||    16
         Potion            |     1 |       |       |       ||     1
   Stab: Sleeping          |     4 |     7 |       |       ||    11
 Armour: Leather armour    |     8 |       |       |       ||     8
         Ring mail         |     3 |    27 |       |       ||    30
         Plate armour      |       |    81 |   147 |    31 ||   259
  Dodge: Dodged            |    49 |    71 |    62 |    29 ||   211
   Form: Beast             |       |     1 |       |       ||     1

Table legend: (Time is in decaauts)
 A = Elapsed time spent in this place.
 B = Non-inter-level travel time spent in this place.
 C = Inter-level travel time spent in this place.
 D = Time resting spent in this place.
 E = Time spent auto-exploring this place.
 F = Levels seen in this place.
 G = Mean time per level.
                   A        B        C        D        E       F      G
               +--------+--------+--------+--------+--------+-----+--------+
         Total |   7478 |   7049 |    429 |    986 |   4284 |  10 |  747.8 |
       Dungeon |   7373 |   6944 |    429 |    979 |   4260 |   9 |  819.2 |
         Sewer |    104 |    104 |      0 |      7 |     23 |   1 |  104.0 |
               +--------+--------+--------+--------+--------+-----+--------+

Top non-repeatable levels by time:
     D:5: 1366 daAuts
     D:6: 1101 daAuts
     D:3: 1053 daAuts
     D:8: 987 daAuts
     D:2: 903 daAuts
     D:1: 832 daAuts
     D:4: 576 daAuts
     D:7: 531 daAuts
   Sewer: 104 daAuts
     D:9: 22 daAuts
